 Dungeon Crawl Stone Soup version 0.31-a0-889-g1a8549509d (webtiles) character file.

Game seed: 13862482016490049009

2904 CowFu the Chiller (level 9, -2/55 HPs)
             Began as a Pale Draconian Ice Elementalist on Oct 17, 2023.
             Was a Believer of Hepliaklqana.
             Killed from afar by an electric eel (7 damage)
             ... with a bolt of electricity
             ... on level 8 of the Dungeon.
             The game lasted 00:14:35 (6984 turns).

CowFu the Chiller (Pale Draconian Ice Elementalist) Turns: 6984, Time: 00:14:35

Health: -2/55      AC:  7    Str: 10    XL:     9   Next: 49%
Magic:  16/18      EV: 14    Int: 19    God:    Hepliaklqana [**....]
Gold:   573        SH:  6    Dex: 13    Spells: 9/20 levels left

rFire   . . .        m - +3 dagger (elec)
rCold   . . .        l - +1 buckler
rNeg    . . .        (body armour unavailable)
rPois   .            (helmet restricted)
rElec   .            (no cloak)
rCorr   .            (no gloves)
SInv    .            (no boots)
Will    .....        f - amulet of regeneration
Stlth   ++           (no ring)
HPRegen 1.09/turn    (no ring)
MPRegen 0.16/turn

%: no passive effects
@: no status effects
A: reduced essence, breathe steam, AC +7, unfitting armour, cold-blooded, steam
resistance
a: Breathe Steam, Renounce Religion, Recall Ancestor, Ancestor Identity


You were on level 8 of the Dungeon.
You worshipped Hepliaklqana.
Hepliaklqana was pleased with you.
You visited 2 branches of the dungeon, and saw 9 of its levels.
You also visited: Ossuary.

You collected 573 gold pieces.

Inventory:

Hand Weapons
 d - a +0 short sword
 k - a +0 quarterstaff of protection
 m - a +3 dagger of electrocution (weapon)
 q - a +1 dagger of speed
Missiles
 y - 2 throwing nets
Armour
 l - a +1 buckler (worn)
Jewellery
 f - an amulet of regeneration (around neck)
Wands
 n - a wand of roots (19)
 v - a wand of paralysis (11)
 x - a wand of polymorph (3)
Scrolls
 b - 3 scrolls of teleportation
 i - 2 scrolls of enchant armour
 o - 4 scrolls of blinking
 p - a scroll of fog
 r - 2 scrolls of immolation
 s - 2 scrolls of enchant weapon
 z - a scroll of torment
 D - a scroll of fear
 E - a scroll of identify
Potions
 a - 4 potions of magic
 c - 2 potions of ambrosia
 g - a potion of haste
 h - 5 potions of curing
 j - 2 potions of lignification
 t - a potion of resistance
 u - 3 potions of mutation
 C - a potion of invisibility {unknown}


   Skills:
 + Level 6.4 Dodging
 - Level 1.7 Stealth
 + Level 6.0 Shields
 + Level 6.4 Spellcasting
 + Level 7.9 Ice Magic


You had 9 spell levels left.
You knew the following spells:

 Your Spells              Type           Power      Damage    Failure   Level
a - Freeze                Ice            100%       1d10      1%          1
b - Frozen Ramparts       Ice            72%        1d11      1%          3
c - Ozocubu's Armour      Ice            36%        N/A       1%          3
d - Summon Ice Beast      Ice/Summ       21%        N/A       28%         4

Your spell library contained the following spells:

 Spells                   Type           Power      Damage    Failure   Level
 Gell's Gravitas          Tloc           6%         N/A       41%         3
 Summon Guardian Golem    Hex/Summ       6%         N/A       41%         3
 Teleport Other           Tloc           6%         N/A       41%         3
 Dispersal                Tloc           3%         N/A       100%        6
 Orb of Destruction       Conj           3%         9d5       100%        7
 Spellforged Servitor     Conj/Summ      3%         N/A       100%        7


Dungeon Overview and Level Annotations

Branches:
Dungeon (8/15)             Temple (1/1) D:4            Lair (0/5) D:8
Ossuary (visited)

Altars:
Ashenzari
Cheibriados
Dithmenos
Elyvilon
Fedhas
Gozag
Hepliaklqana
Kikubaaqudgha
Makhleb
Nemelex Xobeh
Qazlal
Ru
Uskayaw
Wu Jian
Xom
Yredelemnul
The Shining One


Innate Abilities, Weirdness & Mutations

Your life essence is reduced to manifest your ancestor. (-10% HP)
You can breathe blasts of scalding, opaque steam.
Your pale cyan-grey scales are hard. (AC +7)
You cannot fit into any form of body armour.
You are cold-blooded and may be slowed by cold attacks.
You are immune to the effects of steam.


Message History

You closely miss the orc warrior. You tail-slap the orc warrior.
The orc warrior is lightly wounded.
The electric eel shoots out a bolt of lightning at you!
The bolt of electricity misses you.
The wall freezes the orc warrior but does no damage.
The orc warrior hits you with a +0 hand axe!
You barely miss the orc warrior.
The orc warrior is lightly wounded.
The electric eel shoots out a bolt of lightning at you!
The bolt of electricity hits you.
The electric eel shoots out a bolt of lightning at you!
The bolt of electricity misses you.
The wall freezes the orc warrior.
The orc warrior hits you with a +0 hand axe!
You hit the orc warrior but do no damage.
You tail-slap the orc warrior.
The orc warrior is heavily wounded.
The wall freezes the orc warrior but does no damage.
You block the orc warrior's attack.
The electric eel shoots out a bolt of lightning at you!
The bolt of electricity misses you.
The bolt of electricity hits Dagmar.
The electric eel shoots out a bolt of lightning at you!
The bolt of electricity hits you.
The electric eel shoots out a bolt of lightning at you!
The bolt of electricity hits you.
The frozen ramparts melt away as you move.
The orc warrior attacks as it pursues you!
The orc warrior hits you with a +0 hand axe!
* * * LOW HITPOINT WARNING * * *
Dagmar blocks the orc warrior's attack.
Dagmar hits the orc warrior with a +0 flail!
Items here: )) [[ รท.
Dagmar barely misses the orc warrior.
The orc warrior attacks as it pursues you!
You block the orc warrior's attack.
The electric eel shoots out a bolt of lightning at you!
The bolt of electricity hits you!
* * * LOW HITPOINT WARNING * * *
The electric eel shoots out a bolt of lightning at you!
The bolt of electricity hits Dagmar!
The bolt of electricity hits you!
You die...

#....#'#...#
#######......[...#
.....##..##.######
####.###.#..######
#.# #.........# #.#
#########.# #.# #.#
#.# #.# #.# #@## #.#
#########o)### #.#
#.........)R.#
####'###.#########)'#
#.....##.# #~~~.)~~~#
#.....##.#
#~~~~..~~~~#
'<....'..#
#~~~~~..~S~~~#
#.....####
#~~~~~S..S~~~~~
......#
~~~~~~~..~~~~~~


You could see the friendly Dagmar the knight, an orc warrior and 2 electric
eels.

Vanquished Creatures
  A wyvern (D:8)
  A water moccasin (D:6)
  An ice beast (D:4)
  A sky beast (D:7)
  3 centaurs (D:8)
  A kobold brigand (D:7)
  A phantom (D:6)
  2 bullfrogs
  A scorpion (D:4)
  3 wights (D:7)
  2 howler monkeys
  3 hounds
  An orc priest (D:3)
  6 iguanas
  4 orc wizards
  4 mummies (Ossuary)
  7 gnolls
  14 adders
  2 ufetubi (D:6)
  2 worms (D:2)
  A dart slug (D:1)
  15 orcs
  3 bats
  3 endoplasms
  5 giant cockroaches
  3 gnoll zombies (Ossuary)
  7 goblins
  7 hobgoblins
  4 jackals (D:1)
  3 quokkas
  8 ball pythons
  3 frilled lizards (D:1)
  8 kobolds
  2 kobold zombies (Ossuary)
  2 orc zombies (Ossuary)
  4 rats
138 creatures vanquished.

Vanquished Creatures (collateral kills)
  A komodo dragon (D:8)
  A slime creature (D:8)
  A water moccasin (D:6)
  An ice beast (D:6)
  A phantom (D:7)
  A scorpion (D:6)
  A gnoll bouda (D:6)
  2 hounds
  A jelly (D:7)
  An iguana (D:6)
  An orc wizard (D:7)
  A mummy (Ossuary)
  A gnoll (D:6)
  An adder (D:5)
  A white imp (D:8)
  A worm (D:5)
  An orc (D:8)
  An orc zombie (Ossuary)
19 creatures vanquished.

Vanquished Creatures (others)
  A knight (D:7)
  An ancestor (D:5)
  2 orcs (D:8)
4 creatures vanquished.

Grand Total: 161 creatures vanquished

Notes
Turn   | Place    | Note
-------+----------+-------------------------------------------
     0 | D:1      | CowFu the Draconian Ice Elementalist began the quest for
                  | the Orb.
     0 | D:1      | Reached XP level 1. HP: 14/14 MP: 3/3
    13 | D:1      | Found a faded altar of an unknown god.
   246 | D:1      | Reached XP level 2. HP: 18/20 MP: 0/5
  1073 | D:2      | Reached XP level 3. HP: 26/26 MP: 2/6
  1238 | D:2      | Reached XP level 4. HP: 33/33 MP: 4/8
  1551 | D:2      | Learned a level 3 spell: Frozen Ramparts
  1555 | D:2      | Learned a level 3 spell: Ozocubu's Armour
  2240 | D:3      | Reached skill level 1 in Shields
  2240 | D:3      | Reached XP level 5. HP: 26/38 MP: 0/9
  2831 | D:4      | Found a staircase to the Ecumenical Temple.
  2844 | Temple   | Entered the Ecumenical Temple
  2857 | Temple   | Became a worshipper of Hepliaklqana the Forgotten
  3090 | D:4      | Found a sparkling altar of Nemelex Xobeh.
  3166 | D:4      | Noticed an ice beast
  3174 | D:4      | Reached skill level 5 in Ice Magic
  3486 | D:4      | Reached XP level 6. HP: 37/45 MP: 4/11
  3680 | D:4      | Found a burning altar of Makhleb.
  3680 | D:4      | Noticed a cacodemon
  3786 | D:4      | Killed an ice beast
  3829 | D:4      | Reached * piety under Hepliaklqana
  3934 | D:5      | Entered Level 5 of the Dungeon
  4285 | D:5      | Your scales start taking on a pale cyan-grey colour.
  4285 | D:5      | Reached XP level 7. HP: 41/45 MP: 8/13
  4285 | D:5      | Gained mutation: You are immune to the effects of steam.
                  | [Pale Draconian growth]
  4970 | D:6      | Reached ** piety under Hepliaklqana
  4971 | D:6      | Remembered your ancestor Dagmar as a knight
  5110 | D:6      | Reached skill level 6 in Ice Magic
  5276 | D:6      | Found a blossoming altar of Fedhas.
  5419 | D:6      | Reached XP level 8. HP: 41/51 MP: 11/15
  5575 | D:6      | Reached skill level 5 in Spellcasting
  5794 | D:6      | Reached skill level 5 in Dodging
  6050 | D:7      | Reached skill level 7 in Ice Magic
  6154 | D:7      | Reached skill level 5 in Shields
  6206 | D:7      | You fall into a shaft and drop 1 floor!
  6252 | D:8      | Reached XP level 9. HP: 37/55 MP: 10/17
  6257 | D:8      | Learned a level 4 spell: Summon Ice Beast
  6444 | D:8      | Found a staircase to the Lair.
  6454 | D:8      | Found a sand-covered staircase.
  6463 | Ossuary  | Entered an ossuary
  6746 | D:8      | Noticed a komodo dragon
  6769 | D:8      | Killed a komodo dragon
  6984 | D:8      | Killed from afar by an electric eel

Illustrated notes

Levels and vault maps discovered:
D:1:      eino_arrival_druids_welcome, layout_basic, basic_ecumenical_altar
D:2:      layout_loops_cross
D:3:      layout_basic
D:4:      layout_gridville, makhleb_altar_promises_db,
          mainiacjoe_overflow_concentric_impassable,
          minmay_temple_entry_sparse_star, serial_bayou_lake_a
D:5:      minmay_spotlight, layout_gridville
D:6:      nicolae_BIG_FREAKIN_CUBE, layout_basic, mainiacjoe_overflow_catwalk,
          grunt_ministairs_14
D:7:      minmay_flawed_box, layout_loops_ring
D:8:      kennysheep_big_flooded_room, layout_basic, minitemple,
          lair_entry_dummy, nicolae_ossuary_entry_plus, grunt_ministairs_12
Temple:   nicolae_temple_superstar

Skill      XL: |  1  2  3  4  5  6  7  8  9 |
---------------+----------------------------+-----
Dodging        | 2 3 4 5 6 |  6.4
Spellcasting   | 3 4 5 6 |  6.4
Shields        | 1 2 3 5 6 |  6.0
Ice Magic      | 5 6 7 |  7.9
Stealth        | |  1.7

Action                     |  1- 3 |  4- 6 |  7- 9 || total
---------------------------+-------+-------+-------++-------
  Melee: Unarmed           |    47 |       |       ||    47
         Tailslap          |     5 |    21 |    38 ||    64
         Short sword       |     1 |    26 |       ||    27
         Dagger            |       |    89 |   220 ||   309
   Cast: Freeze            |    42 |    76 |     3 ||   121
         Frozen Ramparts   |       |     9 |    39 ||    48
         Ozocubu's Armour  |       |     1 |    11 ||    12
 Invoke: Ancestor Life: Kn |       |       |     1 ||     1
         Recall Ancestor   |       |       |     1 ||     1
    Use: Scroll            |       |     1 |    18 ||    19
         Potion            |       |       |     4 ||     4
   Stab: Sleeping          |       |     2 |     1 ||     3
         Distracted        |       |       |     1 ||     1
 Armour: Skin              |    37 |    86 |   128 ||   251
  Dodge: Dodged            |    59 |    74 |   120 ||   253
  Block: Buckler           |       |    27 |    51 ||    78

Table legend: (Time is in decaauts)
 A = Elapsed time spent in this place.
 B = Non-inter-level travel time spent in this place.
 C = Inter-level travel time spent in this place.
 D = Time resting spent in this place.
 E = Time spent auto-exploring this place.
 F = Levels seen in this place.
 G = Mean time per level.
                   A        B        C        D        E       F      G
               +--------+--------+--------+--------+--------+-----+--------+
         Total |   6941 |   6756 |    185 |      0 |   5236 |  10 |  694.1 |
       Dungeon |   6678 |   6517 |    161 |      0 |   5216 |   8 |  834.8 |
        Temple |     26 |      2 |     24 |      0 |      0 |   1 |   26.0 |
       Ossuary |    236 |    236 |      0 |      0 |     20 |   1 |  236.0 |
               +--------+--------+--------+--------+--------+-----+--------+

Top non-repeatable levels by time:
     D:4: 1087 daAuts
     D:1: 1065 daAuts
     D:5: 989 daAuts
     D:2: 946 daAuts
     D:6: 871 daAuts
     D:3: 815 daAuts
     D:8: 543 daAuts
     D:7: 358 daAuts
 Ossuary: 236 daAuts
  Temple: 26 daAuts
